 Dungeon Crawl Stone Soup version 0.23.0-3-gf3c87f2 (webtiles) character file.

Game seed: 12002321879398112234

336 johnnyrequiem the Magician (level 6, -1/33 HPs)
             Began as a Deep Elf Fire Elementalist on Feb 22, 2019.
             Killed by miscasting Fireball (34 damage)
             ... on level 4 of the Dungeon.
             The game lasted 00:30:48 (5203 turns).

johnnyrequiem the Magician (DEFE)                   Turns: 5203, Time: 00:30:49

Health: -1/33      AC:  3    Str:  6    XL:     6   Next: 28%
Magic:  19/24      EV: 15    Int: 21    God:
Gold:   164        SH:  0    Dex: 15    Spells: 0/15 levels left

rFire    . . .     SeeInvis .   k - +2 quarterstaff (chaos)
rCold    . . .     Gourm    .   (shield currently unavailable)
rNeg     . . .     Faith    .   j - +0 leather armour
rPois    .         Spirit   .   (no helmet)
rElec    .         Reflect  .   (no cloak)
rCorr    .         Harm     .   (no gloves)
MR       .....                  (no boots)
Stlth    ++........             (no amulet)
HPRegen  0.11/turn              h - +3 ring of evasion
MPRegen  0.19/turn              o - ring of magical power

@: very slightly contaminated
A: no striking features
a: no special abilities


You were on level 4 of the Dungeon.
You were not hungry.

You visited 1 branch of the dungeon, and saw 4 of its levels.

You collected 164 gold pieces.

Inventory:

Hand Weapons
 i - a +0 short sword
 k - a +2 quarterstaff of chaos (weapon)
 u - a +0 hunting sling
 v - a +1 flail of protection
Missiles
 c - 19 sling bullets
 f - 2 javelins (quivered)
 n - 51 arrows
 y - 26 poisoned needles
Armour
 a - a +0 robe
 j - a +0 leather armour (worn)
Jewellery
 h - a +3 ring of evasion (left hand)
 o - a ring of magical power (right hand)
Scrolls
 b - a scroll of remove curse {unknown}
 d - 3 scrolls of identify
 e - 2 scrolls of fog {unknown}
 q - 2 scrolls of enchant weapon {unknown}
 r - a scroll of magic mapping {unknown}
 s - a scroll of noise {unknown}
Potions
 g - 2 potions of degeneration
 l - a potion of invisibility
 m - 2 potions of curing
 p - 2 potions of lignification
 t - a potion of ambrosia {unknown}
 w - 2 potions of heal wounds
 x - 2 potions of might {unknown}
 z - a potion of haste {unknown}


   Skills:
 + Level 0.8 Fighting
 + Level 0.7 Short Blades
   Level 0.1(0.3) Polearms
 + Level 1.0 Staves
 + Level 1.8 Armour
 + Level 2.6 Dodging
 + Level 3.0 Stealth
 + Level 5.0 Spellcasting
 + Level 3.2 Conjurations
 + Level 4.4 Fire Magic


You couldn't memorise any spells.
You knew the following spells:

 Your Spells              Type           Power        Failure   Level  Hunger
a - Flame Tongue          Conj/Fire      ###..        3%          1    None
b - Throw Flame           Conj/Fire      ###...       4%          2    None
c - Conjure Flame         Conj/Fire      ###.....     10%         3    ##.....
d - Sticky Flame          Conj/Fire      ###.....     32%         4    ####...
e - Fireball              Conj/Fire      ###.......   67%         5    #####..

Your spell library contained the following spells:

 Spells                   Type           Power        Failure   Level  Hunger
 Inner Flame              Hex/Fire       ##......     19%         3    ##.....


Dungeon Overview and Level Annotations

Branches:
Dungeon (4/15)
 Temple: D:4-7

Altars:
Okawaru


Message History

Magic restored.
Found 23 stones.
You see here 23 stones.
Found a robe.
Found 17 stones.
Found a stone staircase leading down.
There is a stone staircase leading down here.
A hound, 3 orcs, an orc priest and an orc wizard come into view.
The hound barks!
The orc shouts!
Casting: Throw Flame (safe; 4% risk of failure)
Confirm with . or Enter, or press ? or * to list all spells.
The spell is very dangerous to cast (67% risk of failure)!
Continue anyway?
Aiming: Fireball (very dangerous; 67% risk of failure)
Press: ? - help, Shift-Dir - straight line, f - hound
Aim: a hound You miscast Fireball.
You are very lightly contaminated with residual magic.
You are blasted with magical energy!
Ouch! That really hurt!
You die...

(..................
######.###.#######
#.....#.# #.#.#.#.#
#.#.#.#.#######
#.#.#.#........
###.#.#.########.
###................
#.@>...............
#.#...#.#.########.
...#...#.#.# #.
...o.#.....#.# #.
.....h.#..####.#
######. ......o#...
..# #......
.....oo#.### ##
#...... ......o#.#
#...... #.....#


You could see a hound, an orc priest, an orc wizard (wandering) and 3 orcs.

Vanquished Creatures
  Crazy Yiuf (D:2)
  Jessica (D:3)
  Natasha (thrice) (D:3)
  3 gnolls (D:3)
  10 adders
  2 adder skeletons (D:4)
  4 worms
  2 dart slugs
  4 orcs (D:3)
  A giant cockroach (D:4)
  4 goblins
  6 hobgoblins
  4 jackals (D:1)
  3 quokkas
  A ball python (D:3)
  6 bats
  4 frilled lizards
  5 kobolds
  13 rats
77 creatures vanquished.

Vanquished Creatures (others)
  A fire vortex (D:3)
1 creature vanquished.

Grand Total: 78 creatures vanquished

Notes
Turn   | Place    | Note
-------+----------+-------------------------------------------
     0 | D:1      | johnnyrequiem the Deep Elf Fire Elementalist began the
                  | quest for the Orb.
     0 | D:1      | Reached XP level 1. HP: 10/10 MP: 6/6
   548 | D:1      | Reached XP level 2. HP: 12/15 MP: 6/8
   553 | D:1      | Learned a level 2 spell: Throw Flame
  1588 | D:2      | Reached XP level 3. HP: 13/19 MP: 9/9
  1682 | D:2      | Learned a level 3 spell: Conjure Flame
  2229 | D:2      | Found an iron altar of Okawaru.
  2311 | D:2      | Found a runed translucent door.
  2312 | D:2      | Noticed Crazy Yiuf
  2322 | D:2      | Killed Crazy Yiuf
  2322 | D:2      | Reached skill level 1 in Armour
  2322 | D:2      | Reached skill level 4 in Spellcasting
  2322 | D:2      | Reached XP level 4. HP: 12/24 MP: 12/12
  2915 | D:2      | Learned a level 4 spell: Sticky Flame
  2999 | D:3      | Noticed Natasha
  3002 | D:3      | Killed Natasha
  3002 | D:3      | Reached XP level 5. HP: 28/28 MP: 13/13
  3045 | D:3      | Noticed Natasha
  3055 | D:3      | Killed Natasha
  3201 | D:3      | Noticed Natasha
  3204 | D:3      | Killed Natasha
  4232 | D:3      | Reached XP level 6. HP: 33/33 MP: 11/15
  4238 | D:3      | Reached skill level 5 in Spellcasting
  4376 | D:3      | Learned a level 5 spell: Fireball
  4837 | D:3      | Noticed Jessica
  4838 | D:3      | Reached skill level 1 in Staves
  4838 | D:3      | Killed Jessica
  5203 | D:4      | Killed by miscasting Fireball

Skill      XL: |  1  2  3  4  5  6 |
---------------+-------------------+-----
Stealth        | 3 |  3.0
Fire Magic     | 4 |  4.4
Armour         | 1 |  1.8
Spellcasting   | 4 5 |  5.0
Conjurations   | 2 3 |  3.2
Staves         | 1 |  1.0
Fighting       | |  0.8
Short Blades   | |  0.7
Polearms       | |  0.1
Dodging        | |  2.6

Action                   |  1- 3 |  4- 6 || total
-------------------------+-------+-------++-------
Melee: Spear             |    14 |       ||    14
       Short sword       |    20 |    18 ||    38
       Quarterstaff      |       |    24 ||    24
Throw: Javelin           |     4 |       ||     4
 Cast: Flame Tongue      |    27 |    24 ||    51
       Throw Flame       |    22 |    47 ||    69
       Conjure Flame     |     3 |     6 ||     9
       Sticky Flame      |       |     6 ||     6
       Fireball          |       |     3 ||     3
  Use: Scroll            |     1 |     5 ||     6
       Potion            |       |     4 ||     4
 Stab: Sleeping          |       |     1 ||     1
  Eat: Ration            |     2 |     4 ||     6
Armor: Robe              |     2 |       ||     2
       Leather armour    |     6 |     7 ||    13
Dodge: Dodged            |    23 |    56 ||    79
